 Dungeon Crawl Stone Soup version 0.31-a0-232-gb1c03b2570 (webtiles) character file.

Game seed: 18325746208362542947

57 qw the Shooter (level 3, -10/29 HPs)
             Began as a Minotaur Hexslinger on July 7, 2023.
             Mangled by Sigmund
             ... wielding a +2 scythe of venom
              (13 damage)
             ... on level 2 of the Dungeon.
             The game lasted 00:00:26 (1033 turns).

qw the Shooter (Minotaur Hexslinger)                Turns: 1033, Time: 00:00:27

Health: -10/29     AC:  2    Str: 12    XL:     3   Next: 73%
Magic:  3/3        EV: 12    Int: 10    God:
Gold:   91         SH:  0    Dex: 14    Spells: 3/4 levels left

rFire   . . .        Y - +1 sling
rCold   . . .        (no shield)
rNeg    . . .        c - +0 robe
rPois   .            (helmet restricted)
rElec   .            (no cloak)
rCorr   .            (no gloves)
SInv    .            (no boots)
Will    .....        (no amulet)
Stlth   +            (no ring)
HPRegen 0.24/turn    (no ring)
MPRegen 0.08/turn

%: no passive effects
@: lethally poisoned (-10 -> -11)
A: horns 2, retaliatory headbutt
a: no special abilities


You were on level 2 of the Dungeon.
You visited 1 branch of the dungeon, and saw 2 of its levels.

You collected 91 gold pieces.


Innate Abilities, Weirdness & Mutations

You have a pair of horns on your head.
You reflexively headbutt those who attack you in melee.


   Skills:
 - Level 2.0 Fighting
 + Level 4.3 Ranged Weapons
 - Level 2.1 Dodging
 - Level 1.0 Spellcasting
 - Level 2.0 Hexes


You had 3 spell levels left.
You knew the following spells:

 Your Spells              Type           Power      Damage    Failure   Level
a - Slow                  Hex            16%        N/A       16%         1

Your spell library contained the following spells:

 Spells                   Type           Power      Damage    Failure   Level
 Inner Flame              Hex/Fire       2%         N/A       56%         3
 Portal Projectile        Hex/Tloc       4%         N/A       56%         3
 Cause Fear               Hex            2%         N/A       83%         4

Inventory:

Hand Weapons
 Y - a +1 sling (weapon)
Armour
 c - a +0 robe (worn)
 d - a +0 ring mail
Scrolls
 e - a scroll of identify
Potions
 a - 2 potions of enlightenment {unknown}
 b - a potion of ambrosia {unknown}
 f - a potion of attraction {unknown}
 g - a potion of haste

Dungeon Overview and Level Annotations

Branches:
Dungeon (2/15)

Altars:

Annotations:
D:2 Sigmund


Message History

You shoot a sling bullet.
The sling bullet hits Sigmund but does no damage.
Sigmund is moderately wounded.
Sigmund misses you.
You shoot a sling bullet.
The sling bullet closely misses Sigmund.
You shoot a sling bullet.
The sling bullet completely misses Sigmund.
Sigmund misses you.
You shoot a sling bullet. The sling bullet barely misses Sigmund.
Sigmund barely misses you.
You shoot a sling bullet. The sling bullet hits Sigmund.
Sigmund is heavily wounded.
Sigmund hits you from afar with a +2 scythe of venom!
You are poisoned.
Enter note:
Enter note:
Enter note:
Enter note:
Enter note:
Enter note:
1028 ||| UPGRADING to +0 ring mail.
You feel sick.
You start removing your armour.
You continue taking off your +0 robe.
You feel sick. Sigmund closely misses you.
You continue taking off your +0 robe.
You feel sick. Sigmund casts a spell at you.
You stop removing your armour.
The magic dart hits you.
1031 ||| UPGRADING to +0 ring mail.
You feel sick.
Sigmund hits you from afar with a +2 scythe of venom.
You stop removing your armour.
1032 ||| UPGRADING to +0 ring mail.
You feel sick.
You start removing your armour.
You continue taking off your +0 robe.
You feel sick.
Sigmund hits you from afar with a +2 scythe of venom!
You stop removing your armour.
You die...

..##.#... ...#
#....#... ..#
#..... ..# #..#..
... #..%.. #.#
#..### #######.#
###....# #.......#
#....#.# #..@.@#
######%###...
#.....#.#
#.......##.##
#...# #.#
#.......##.# ...
#.####.......##.##
#
#............##...
######.......#####
#.......#
#.......#
#########


You could see Sigmund.

Vanquished Creatures
  2 adders (D:2)
  A worm (D:2)
  2 dart slugs (D:1)
  4 ball pythons
  4 endoplasms
  A giant cockroach (D:1)
  3 goblins (D:1)
  4 hobgoblins
  A quokka (D:2)
  4 bats (D:1)
  2 frilled lizards (D:1)
  2 kobolds
  A rat (D:1)
31 creatures vanquished.

Notes
Turn   | Place    | Note
-------+----------+-------------------------------------------
     0 | D:1      | qw the Minotaur Hexslinger began the quest for the Orb.
     0 | D:1      | Reached XP level 1. HP: 16/16 MP: 1/1
     0 | D:1      | 0 ||| qw: Version: 0.3-a-46-gb1f654a
     0 | D:1      | 0 ||| qw: Game counter: 2319
     0 | D:1      | 0 ||| qw: Melee chars always use a shield: true
     0 | D:1      | 0 ||| qw: God list: Okawaru
     0 | D:1      | 0 ||| qw: Allow faded altars: false
     0 | D:1      | 0 ||| qw: Do Orc after clearing Dungeon:15 true
     0 | D:1      | 0 ||| qw: Do second Lair branch before Depths: true
     0 | D:1      | 0 ||| qw: Lair rune preference: random
     0 | D:1      | 0 ||| qw: Goals: Normal
     0 | D:1      | 0 ||| PLANNING D:1-11
   135 | D:1      | Reached skill level 3 in Ranged Weapons
   138 | D:1      | Reached XP level 2. HP: 23/23 MP: 2/2
   479 | D:1      | 479 ||| DROPPING ring of flight.
   480 | D:1      | 480 ||| READING scroll labelled FOOTINL KUJU.
   481 | D:1      | 481 ||| DRINKING 2 inky potions.
   482 | D:1      | 482 ||| DRINKING 2 puce potions.
   483 | D:1      | 483 ||| DROPPING scroll of poison.
   484 | D:1      | 484 ||| DROPPING potion of brilliance.
   537 | D:2      | Reached XP level 3. HP: 29/29 MP: 3/3
   673 | D:2      | Reached skill level 4 in Ranged Weapons
  1019 | D:2      | Noticed Sigmund
  1028 | D:2      | 1028 ||| UPGRADING to +0 ring mail.
  1030 | D:2      | HP: 7/29 [Sigmund/magic dart (2)]
  1031 | D:2      | 1031 ||| UPGRADING to +0 ring mail.
  1032 | D:2      | 1032 ||| UPGRADING to +0 ring mail.
  1033 | D:2      | HP: 3/29 [poisoned by Sigmund]
  1033 | D:2      | Mangled by Sigmund

Levels and vault maps discovered:
D:1:      minmay_arrival_semitransparent, layout_basic
D:2:      layout_basic, uniq_sigmund, uniq_robin

Skill      XL: |  1  2  3 |
---------------+----------+-----
Ranged Weapons | 3 4 |  4.3
Fighting       | 2 |  2.0
Dodging        | |  2.1
Spellcasting   | |  1.0
Hexes          | |  2.0

Action                     || total
---------------------------++-------
   Fire: Sling             ||   101
    Use: Potion            ||     2
         Scroll            ||     1
 Armour: Robe              ||    10
  Dodge: Dodged            ||    21

Table legend:
 A = Non-vault XP
 B = Vault XP
 C = Vault XP percentage of total XP
 D = Non-vault monster count
 E = Vault monster count
 F = Vault count percentage of total count
                 A         B        C        D         E       F
            +---------+---------+-------+---------+---------+-------
      Total |      82 |       0 |   0.0 |      31 |       0 |   0.0
            +---------+---------+-------+---------+---------+-------
        D:1 |      37 |       0 |   0.0 |      20 |       0 |   0.0
        D:2 |      45 |       0 |   0.0 |      11 |       0 |   0.0
            +---------+---------+-------+---------+---------+-------
